 Dungeon Crawl Stone Soup version 0.28-a0-1389-gc726bef33b (webtiles) character file.

Game seed: 1029624941854287854

51 ChaosChampion the Skirmisher (level 3, 0/29 HPs)
             Began as a Demonspawn Abyssal Knight on Jan 3, 2022.
             Was a Believer of Lugonu.
             Succumbed to an adder's poison
             ... on level 1 of the Dungeon.
             The game lasted 00:01:06 (1450 turns).

ChaosChampion the Skirmisher (DsAK)                 Turns: 1450, Time: 00:01:07

Health: 0/29       AC:  3    Str: 15    XL:     3   Next: 58%
Magic:  5/5        EV: 11    Int: 11    God:    Lugonu [**....]
Gold:   22         SH:  4    Dex: 13    Spells: 2/2 levels left

rFire   . . .      SeeInvis .   a - +1 spear
rCold   . . .      Faith    .   (no shield)
rNeg    . . .      Spirit   .   b - +0 leather armour
rPois   .          Reflect  .   (no helmet)
rElec   .          Harm     .   (no cloak)
rCorr   .          Rampage  .   (no gloves)
Will    .....                   (no boots)
Stlth   +.........              (no amulet)
HPRegen 0.09/turn               f - ring of flight
MPRegen 0.09/turn               (no ring)

@: lethally poisoned (0 -> -2), flying, invisible
A: condensation shield
a: Renounce Religion, Depart the Abyss, Bend Space


You were on level 1 of the Dungeon.
You worshipped Lugonu.
Lugonu was pleased with you.
You visited 1 branch of the dungeon, and saw 2 of its levels.
You visited the Abyss 1 time.

You collected 22 gold pieces.

Inventory:

Hand Weapons
 a - a +1 spear (weapon)
Armour
 b - a +0 leather armour (worn)
Jewellery
 f - a ring of flight (left hand)
Scrolls
 d - a scroll of identify {unknown}
 g - a scroll of enchant armour {unknown}


   Skills:
 + Level 3.3 Fighting
 + Level 2.2 Polearms
 + Level 2.2 Armour
 + Level 1.5 Dodging
 + Level 3.2 Invocations


You had 2 spell levels left.
You didn't know any spells.
Your spell library was empty.

Dungeon Overview and Level Annotations

Branches:
Dungeon (2/15)

Altars:


Innate Abilities, Weirdness & Mutations

A meltable shield of frost defends you. (SH +4)


Message History

You are too injured to fight recklessly!
You are too injured to fight recklessly!
You are too injured to fight recklessly!
You are too injured to fight recklessly!
You are too injured to fight recklessly!
You escape the ball python's grasp.
A hobgoblin comes into view.
The giant cockroach bites you but does no damage.
The hobgoblin moves out of view.
The adder bites you.
There is a stone staircase leading up here.
You barely miss the adder.
The adder is heavily wounded.
The adder barely misses you.
You hit the adder but do no damage.
The adder is heavily wounded.
The adder bites you.
* * * LOW HITPOINT WARNING * * *
You hit the adder but do no damage.
The adder is heavily wounded.
The adder closely misses you. The adder bites you.
* * * LOW HITPOINT WARNING * * *
You are lethally poisoned!
The adder poisons you!
It was a potion of flight.
You feel more buoyant.
* * * LOW HITPOINT WARNING * * *
You feel sick. The adder misses you.
It was a potion of invisibility.
You fade into invisibility!
* * * LOW HITPOINT WARNING * * *
You feel sick. The adder closely misses you.
* * * LOW HITPOINT WARNING * * *
You feel sick. The adder barely misses you.
The adder bites you but does no damage.
You fly upwards.
* * * LOW HITPOINT WARNING * * *
You feel sick.
There is a stone staircase leading down here.
You die...

#....#.....(..##.#
#......##..##.##.#
#....####..).....####
##.#.####.###.......#
#.#......# #######.#
##†######## #.#####
#...# #.....# #...#
####### #####)####
#...# #>@...#
#.......# ###.#
#S....# #.##.##.#
##.## #.....#
#.##.##.# #...#
#.....# #.#..##.#
##.## #.....#
#.#.###.# #.# ###.###
#.......# #.# #.#
###.##### #.#
#.#########.# #.#
#...........#


You could see an adder.

Vanquished Creatures
  A dart slug (D:1)
  2 endoplasms (D:1)
  3 giant cockroaches (D:1)
  5 goblins (D:1)
  4 hobgoblins (D:1)
  10 jackals (D:1)
  A quokka (D:1)
  3 ball pythons (D:1)
  6 bats (D:1)
  4 kobolds (D:1)
  4 rats
43 creatures vanquished.

Notes
Turn   | Place    | Note
-------+----------+-------------------------------------------
     0 | Abyss:1  | ChaosChampion the Demonspawn Abyssal Knight began the quest
                  | for the Orb.
     0 | Abyss:1  | Reached XP level 1. HP: 18/18 MP: 2/2
     7 | D:1      | Escaped the Abyss
   104 | D:1      | Reached skill level 1 in Dodging
   315 | D:1      | Gained mutation: A meltable shield of frost defends you.
                  | (SH +4) [demonic ancestry]
   315 | D:1      | Reached XP level 2. HP: 19/24 MP: 4/4
   809 | D:1      | Reached ** piety under Lugonu
   810 | D:1      | Reached XP level 3. HP: 29/29 MP: 5/5
  1427 | D:2      | Found a faded altar of an unknown god.
  1448 | D:2      | HP: 1/29 [poisoned by an adder]
  1450 | D:1      | Succumbed to an adder's poison

Illustrated notes

Levels and vault maps discovered:
D:1:      dpeg_arrival_ternary, layout_loops_cross, minmay_tetromino_s4
D:2:      layout_rooms, serial_shops, shop_fountains, basic_altar,
          nicolae_ecumenical_snake_handling, uniq_natasha

Skill      XL: |  1  2 |
---------------+-------+-----
Dodging        | 1 |  1.5
Polearms       | 2 |  2.2
Armour         | 2 |  2.2
Invocations    | 3 |  3.2
Fighting       | |  3.3

Action                   || total
-------------------------++-------
Melee: Spear             ||   166
  Use: Potion            ||     2
 Stab: Sleeping          ||     4
Armor: Leather armour    ||    39
Dodge: Dodged            ||    97
Block: Other             ||    17

Table legend: (Time is in decaauts)
 A = Elapsed time spent in this place.
 B = Non-inter-level travel time spent in this place.
 C = Inter-level travel time spent in this place.
 D = Time resting spent in this place.
 E = Time spent auto-exploring this place.
 F = Levels seen in this place.
 G = Mean time per level.
                   A        B        C        D        E       F      G
               +--------+--------+--------+--------+--------+-----+--------+
         Total |   1449 |   1410 |     39 |      0 |   1135 |   3 |  483.0 |
       Dungeon |   1442 |   1403 |     39 |      0 |   1135 |   2 |  721.0 |
         Abyss |      7 |      7 |      0 |      0 |      0 |   1 |    7.0 |
               +--------+--------+--------+--------+--------+-----+--------+

Top non-repeatable levels by time:
     D:1: 1394 daAuts
     D:2: 48 daAuts
 Abyss:1: 7 daAuts
